 Dungeon Crawl Stone Soup version 0.26-a0-597-gb535b09 (webtiles) character file.

Game seed: 3929239633004926895

8 Hazorath the Skirmisher (level 2, -2/28 HPs)
             Began as a Naga Fighter on Aug 27, 2020.
             Slain by an adder (5 damage)
             ... on level 2 of the Dungeon.
             The game lasted 00:01:17 (240 turns).

Hazorath the Skirmisher (Naga Fighter)               Turns: 240, Time: 00:01:17

Health: -2/28      AC:  2    Str: 18    XL:     2   Next: 8%
Magic:  2/2        EV:  6    Int:  8    God:
Gold:   29         SH:  8    Dex: 10    Spells: 1/1 levels left

rFire    . . .     SeeInvis +   a - +0 war axe
rCold    . . .     Faith    .   c - +0 kite shield
rNeg     . . .     Spirit   .   e - +0 leather armour
rPois    +         Reflect  .   (no helmet)
rElec    .         Harm     .   (no cloak)
rCorr    .                      (no gloves)
MR       .....                  (no barding)
Stlth    ++........             (no amulet)
HPRegen  0.09/turn              b - ring of stealth
MPRegen  0.08/turn              (no ring)

@: lethally poisoned (-2 -> -7), very slow
A: large, see invisible, deformed body, poison resistance, slowness 2, spit
poison 1, AC +0
a: Spit Poison


You were on level 2 of the Dungeon.
You visited 1 branch of the dungeon, and saw 2 of its levels.

You collected 29 gold pieces.

Inventory:

Hand Weapons
 a - a +0 war axe (weapon)
Armour
 c - a +0 kite shield (worn)
 e - a +0 leather armour (worn)
Jewellery
 b - a ring of stealth (left hand)
Potions
 d - a potion of might


   Skills:
 + Level 3.2 Fighting
 + Level 2.2 Axes
 - Level 2.4 Armour
 + Level 2.5 Shields


You had one spell level left.
You didn't know any spells.
Your spell library was empty.

Dungeon Overview and Level Annotations

Branches:
Dungeon (2/15)

Altars:


Innate Abilities, Weirdness & Mutations

You cannot wear boots.
Your serpentine skin is tough. (AC +0)
You have supernaturally acute eyesight. (SInv)
Armour fits poorly on your strangely shaped body.
Your system is resistant to poisons. (rPois)
You cover ground very slowly.
You can spit poison.


Message History

The adder is severely wounded.
The bat hits you but does no damage. You block the adder's attack.
The adder bites you but does no damage.
You closely miss the adder.
The adder is severely wounded.
The bat hits you but does no damage. The adder bites you.
* * * LOW HITPOINT WARNING * * *
The adder closely misses you.
You miss the adder.
The adder is severely wounded.
You barely miss the bat. You block the bat's attack.
You block the adder's attack. The adder bites you.
* * * LOW HITPOINT WARNING * * *
You are lethally poisoned!
The adder poisons you!
You closely miss the adder.
The adder is severely wounded.
* * * LOW HITPOINT WARNING * * *
You feel sick. The bat hits you but does no damage. The adder bites you.
You die...

.......
.......###
........!### ###
........... .$..
..........##...#
...........?.#.#
...............#
.......)S..#...##
.......@.........
.......b.........
.............##.
........)....#
.....[.......#
...#.........#
######...<...#
#...........
####.#####..


You could see an adder and a bat.

Vanquished Creatures
  2 hobgoblins (D:1)
  3 bats (D:1)
  A kobold (D:2)
  2 rats
8 creatures vanquished.

Notes
Turn   | Place    | Note
-------+----------+-------------------------------------------
     0 | D:1      | Hazorath the Naga Fighter began the quest for the Orb.
     0 | D:1      | Reached XP level 1. HP: 21/21 MP: 1/1
   164 | D:1      | Reached XP level 2. HP: 28/28 MP: 2/2
   240 | D:2      | Slain by an adder

Illustrated notes

Levels and vault maps discovered:
D:1:      dpeg_arrival_simpleton_a, layout_basic
D:2:      layout_rooms, nicolae_overflow_hidden_temple,
          nicolae_overflow_crystal_walls, minmay_pentomino_q2

Action                   || total
-------------------------++-------
Melee: War axe           ||    38
 Abil: Spit Poison       ||     1
 Stab: Sleeping          ||     1
Armor: Leather armour    ||    28
Dodge: Dodged            ||    23
Block: Kite shield       ||    40

Table legend: (Time is in decaauts)
 A = Elapsed time spent in this place.
 B = Non-inter-level travel time spent in this place.
 C = Inter-level travel time spent in this place.
 D = Time resting spent in this place.
 E = Time spent auto-exploring this place.
 F = Levels seen in this place.
 G = Mean time per level.
                   A        B        C        D        E       F      G
               +--------+--------+--------+--------+--------+-----+--------+
         Total |    291 |    291 |      0 |      0 |    150 |   2 |  145.5 |
       Dungeon |    291 |    291 |      0 |      0 |    150 |   2 |  145.5 |
               +--------+--------+--------+--------+--------+-----+--------+

Top non-repeatable levels by time:
     D:1: 218 daAuts
     D:2: 73 daAuts
